 Dungeon Crawl Stone Soup version 0.16.1-4-g8e1b745 (webtiles) character file.

877 Zapata the Basher (level 8, -9/69 HPs)
             Began as a Kobold Berserker on Mar 27, 2015.
             Was an Elder of Trog.
             Mangled by an orc warrior
             ... wielding a +0 trident
              (23 damage)
             ... on level 5 of the Dungeon.
             The game lasted 00:06:56 (5862 turns).

Zapata the Basher (Kobold Berserker)                Turns: 5862, Time: 00:06:57

Health: -9/69      AC:  3    Str: 20    XL:     8   Next: 25%
Magic:  8/8        EV: 15    Int:  5    God:    Trog [****..]
Gold:   198        SH:  0    Dex: 18    Spells: 0 memorised, 7 levels left

rFire  . . .     SeeInvis .     a - +0 mace
rCold  . . .     Clarity  +     b - +0 animal skin
rNeg   . . .     SustAb   .     (no shield)
rPois  .         Gourm    .     (no helmet)
rElec  .         Spirit   .     (no cloak)
rCorr  .         Warding  .     (no gloves)
rMut   .         Stasis   .     l - +0 pair of boots
MR     .....                    w - amulet of clarity
Stlth  ..........               (no ring)
                                (no ring)

@: berserking, very quick, not resistant to hostile enchantments, extremely
unstealthy
A: carnivore 3
a: Burn Spellbooks, Berserk, Trog's Hand, Brothers in Arms, Renounce Religion


You were on level 5 of the Dungeon.
You worshipped Trog.
Trog was greatly pleased with you.
You were not hungry.

You visited 1 branch of the dungeon, and saw 5 of its levels.

You collected 198 gold pieces.

Inventory:

Hand weapons
 a - a +0 mace (weapon)
Missiles
 k - 7 tomahawks (quivered)
 o - 109 stones
Armour
 b - a +0 animal skin (worn)
 l - a +0 pair of boots (worn)
Jewellery
 u - an uncursed amulet of resist mutation
 w - an amulet of clarity (around neck)
Scrolls
 e - a scroll of enchant weapon
 f - 2 scrolls of magic mapping {unknown}
 h - a scroll of fear {unknown}
 n - 2 scrolls of recharging
 p - a scroll of blinking
 r - a scroll of teleportation {unknown}
 s - a scroll of random uselessness {unknown}
Potions
 g - a potion of might
 i - 2 potions of curing
 j - a potion of magic {unknown}
 m - a potion of agility {unknown}
 t - a potion of poison {unknown}
 v - 2 potions of mutation {unknown}
Comestibles
 c - 3 meat rations
 q - a slice of pizza


   Skills:
 - Level 3.2 Fighting
 + Level 9.4 Maces & Flails
 - Level 1.5 Armour
 - Level 2.4 Dodging


You had 7 spell levels left.
You didn't know any spells.

Dungeon Overview and Level Annotations

Branches:
Dungeon (5/15)             Temple (0/1) D:4

Altars:
Fedhas
Kikubaaqudgha
Ru
Xom

Annotations:
D:5 Dowan


Innate Abilities, Weirdness & Mutations

You are small and have problems with some larger weapons.
You are carnivorous and can eat meat at any time.


Message History

You feel less resistant to hostile enchantments.
You hit the orc warrior!
The orc warrior is heavily wounded.
The orc warrior barely misses you. The orc hits you with a short sword.
Dmg: -3%(-2hp) hp: 41%(28hp)
You completely miss the orc warrior.
The orc warrior is heavily wounded.
The orc priest mumbles some strange prayers to Beogh against you.
Something smites you!
* * * LOW HITPOINT WARNING * * *
Huge Dmg: -20%(-14hp) hp: 21%(14hp)
You are too injured to fight recklessly!
You are too injured to fight recklessly!
You hit the orc warrior but do no damage.
The orc warrior is heavily wounded.
The orc completely misses you. The orc warrior barely misses you.
You hit the orc warrior.
The orc warrior is heavily wounded.
The orc warrior hits you with a trident!!
You die...

.... .......# .## ...
........# .... ..
.........####..... .
..................
........O.........
..........o.....#
...........[.#.##
..........##o#.######
.........##@o.......
############........
....... .....!.
....... (..... .....
####


You could see an orc warrior, an ogre, an orc priest and an orc.

Vanquished Creatures
  A two-headed ogre (D:5)
  The ghost of Zapata the Cudgeler, an average KoBe of Trog (D:3)
  An ogre (D:5)
  2 orc priests (D:5)
  3 hounds
  2 orc wizards
  A worker ant (D:4)
  Jessica (D:2)
  A hound skeleton (D:4)
  3 gnolls (D:2)
  3 adders
  A giant mite (D:3)
  5 worms
  2 giant geckos
  3 oozes
  12 orcs
  4 giant cockroaches
  10 goblins
  7 hobgoblins
  14 jackals
  5 kobolds
  2 quokkas
  3 ball pythons
  11 bats
  5 giant newts
  16 rats
119 creatures vanquished.

Notes
Turn   | Place    | Note
--------------------------------------------------------------
     0 | D:1      | Zapata, the Kobold Berserker, began the quest for the Orb.
     0 | D:1      | Reached XP level 1. HP: 14/14 MP: 1/1
   218 | D:1      | Reached XP level 2. HP: 16/19 MP: 2/2
   396 | D:1      | Acquired Trog's second power
   873 | D:1      | Reached skill level 4 in Maces & Flails
   873 | D:1      | Reached XP level 3. HP: 23/23 MP: 3/3
   948 | D:2      | Noticed Jessica
   955 | D:2      | Killed Jessica
  1096 | D:2      | Reached XP level 4. HP: 10/28 MP: 4/4
  1340 | D:2      | Found an ancient bone altar of Kikubaaqudgha.
  1341 | D:2      | Found a blossoming altar of Fedhas.
  1627 | D:2      | Reached skill level 5 in Maces & Flails
  1633 | D:2      | Reached XP level 5. HP: 16/32 MP: 5/5
  2284 | D:3      | Noticed Zapata's ghost (average KoBe)
  2300 | D:3      | Killed Zapata's ghost
  2300 | D:3      | Reached skill level 6 in Maces & Flails
  2300 | D:3      | Reached XP level 6. HP: 34/37 MP: 6/6
  3505 | D:3      | You fall through a shaft for 2 floors!
  3505 | D:5      | Entered Level 5 of the Dungeon
  3582 | D:4      | Found a staircase to the Ecumenical Temple.
  3611 | D:4      | Reached skill level 7 in Maces & Flails
  4019 | D:4      | Found a shimmering altar of Xom.
  4047 | D:4      | Acquired Trog's third power
  4138 | D:4      | Found a sacrificial altar of Ru.
  4163 | D:4      | Reached XP level 7. HP: 24/41 MP: 7/7
  5140 | D:5      | Reached skill level 8 in Maces & Flails
  5454 | D:5      | Noticed a two-headed ogre
  5459 | D:5      | Noticed an orc warrior
  5462 | D:5      | Killed a two-headed ogre
  5462 | D:5      | Reached skill level 9 in Maces & Flails
  5462 | D:5      | Reached XP level 8. HP: 21/46 MP: 8/8
  5463 | D:5      | Noticed Dowan
  5862 | D:5      | Mangled by an orc warrior

Action                   |  1- 3 |  4- 6 |  7- 9 || total
-------------------------+-------+-------+-------++-------
Melee: Mace              |    76 |   246 |   105 ||   427
Invok: Berserk           |     1 |     5 |     5 ||    11
       Trog's Hand       |     1 |     1 |     1 ||     3
  Use: Scroll            |       |     8 |     1 ||     9
       Potion            |       |       |     1 ||     1
 Stab: Sleeping          |       |     2 |     1 ||     3
  Eat: Chunk             |     9 |    14 |     4 ||    27
